 Dungeon Crawl Stone Soup version 0.29-a0-398-ge13fd1374b (webtiles) character file.

Game seed: 10835940356302416667

1967335 freelancePsychic the Warrior (level 24, 179/179 HPs)
             Began as a Demonspawn Warper on May 12, 2022.
             Was the Champion of Jiyva.
             Escaped with the Orb
             ... and 3 runes!
             The game lasted 02:25:47 (47992 turns).

freelancePsychic the Warrior (Demonspawn Warper)   Turns: 47992, Time: 02:25:47

Health: 179/179    AC: 23    Str: 14 (15) XL:     24   Next: 56%
Magic:  37/37      EV: 19    Int: 26      God:    Jiyva [******]
Gold:   2512       SH: 14    Dex: 19 (20) Spells: 7/43 levels left

rFire   + + .      SeeInvis .   P - +9 staff of Olgreb {rPois∞}
rCold   + + +      Faith    .   M - +3 buckler
rNeg    + . .      Spirit   .   K - +4 ring mail of Baoho {rF+}
rPois   ∞          Reflect  +   V - +2 hat "Suhuiniwn" {rC+ rN+ Dex+4}
rElec   .          Harm     .   G - +4 dragonskin cloak
rCorr   +          Rampage  .   (gloves unavailable)
Will    ++...      Clarity  +   C - +2 pair of boots
Stlth   +.........              E - amulet of reflection
HPRegen 1.99/turn               s - ring of Sunlight {rF+ rCorr Int+4 Stlth+}
MPRegen 0.75/turn               Q - ring of protection from cold

@: studying 2 skills
A: ignite blood 2, powered by pain 3, torment resistance 1, sturdy frame 3,
demonic willpower, demonic touch 3, hooves 1, horns 1, clarity, cold resistance
2, deterioration 2, frail 1, sense surroundings 2, strong 1, eyeballs 1,
gelatinous body 1, jelly sensing items
0: Orb of Zot
}: 3/15 runes: barnacled, slimy, gossamer
a: Renounce Religion, Evoke the Staff of Olgreb, Oozemancy, Slimify


You escaped.
You worshipped Jiyva.
Jiyva was exalted by your worship.
You visited 10 branches of the dungeon, and saw 52 of its levels.
You visited 1 bazaar.
You also visited: Gauntlet, Ice Cave and Wizlab.

You collected 4771 gold pieces.
You spent 2259 gold pieces at shops.

Inventory:

Hand Weapons
 P - the +9 staff of Olgreb (weapon) {rPois∞}
   (You found it on level 6 of the Lair of Beasts)

   If the wielder is skilled in Evocations, they can envenom those struck by it,
   dealing poison damage which bypasses armour.
   It enhances your poison magic.
   It grants immunity to poison.
   It can be activated via the 'a'bility menu to radiate toxic energy, with
   effectiveness depending on Evocations skill.
Missiles
 d - 6 boomerangs of dispersal
 h - 15 boomerangs
Armour
 v - a +0 kite shield of reflection
 C - a +2 pair of boots (worn)
 F - the +0 cloak of the Skies Above {Dex+5}
   (You found it on level 2 of the Shoals)

   Dex:       It affects your dexterity (+5).
 G - the +4 dragonskin cloak (worn)
   (You took it off Tiamat on level 5 of the Realm of Zot)

   It grants the wearer a chance to resist fire, cold, poison, electricity,
   acid, and negative energy.
 K - the +4 ring mail of Baoho (worn) {rF+}
   (You found it on level 9 of the Dungeon)

   rF:        It protects you from fire.
 M - a +3 buckler (worn)
 V - the +2 hat "Suhuiniwn" (worn) {rC+ rN+ Dex+4}
   (You found it in a Gauntlet)

   Dex:       It affects your dexterity (+4).
   rC:        It protects you from cold.
   rN:        It protects you from negative energy.
 W - the +4 helmet of Hide-and-Seek {rElec rF+}
   (You acquired it on level 1 of the Shoals)

   rF:        It protects you from fire.
   rElec:     It insulates you from electricity.
Magical Staves
 N - a staff of earth
Jewellery
 s - the ring of Sunlight (left hand) {rF+ rCorr Int+4 Stlth+}
   (You found it on level 2 of the Shoals)

   [ring of resist corrosion]

   Int:       It affects your intelligence (+4).
   rF:        It protects you from fire.
   rCorr:     It protects you from acid and corrosion.
   Stlth:     It makes you more stealthy.
 E - an amulet of reflection (around neck)
 L - an amulet of regeneration
 Q - a ring of protection from cold (right hand)
Wands
 a - a wand of iceblast (13)
 b - a wand of mindburst (18)
 n - a wand of paralysis (8)
 x - a wand of flame (14)
 A - a wand of acid (11)
 H - a wand of charming (6)
 S - a wand of digging (10)
Scrolls
 c - 3 scrolls of blinking
 i - 13 scrolls of immolation
 o - 4 scrolls of teleportation {@r4}
 q - 3 scrolls of poison
 r - 2 scrolls of brand weapon
 t - a scroll of magic mapping
 w - 5 scrolls of enchant weapon
 y - 3 scrolls of fear
 B - 5 scrolls of fog
 D - a scroll of enchant armour
 Z - 3 scrolls of silence
Potions
 e - 18 potions of curing {@q1}
 f - 8 potions of ambrosia
 g - 5 potions of brilliance
 k - 6 potions of attraction
 l - 4 potions of mutation
 m - 5 potions of magic
 p - 5 potions of might
 u - 11 potions of flight
 z - 4 potions of heal wounds {@q2}
 I - 2 potions of invisibility
 J - 3 potions of lignification
 O - a potion of cancellation
 R - 2 potions of berserk rage
 Y - a potion of resistance
Miscellaneous
 j - a phantom mirror
 T - a phial of floods
 X - a box of beasts


   Skills:
 + Level 18.4 Fighting
 - Level 10.0 Short Blades
 - Level 2.3(7.9) Polearms
 - Level 11.8(12.0) Staves
 - Level 1.8 Throwing
 - Level 10.5 Armour
 - Level 10.2 Dodging
 - Level 5.0 Shields
 - Level 10.3 Spellcasting
 - Level 18.0 Conjurations
 - Level 14.7 Summonings
 * Level 15.1 Translocations
 - Level 10.4 Transmutations
 - Level 3.2 Fire Magic
 - Level 14.6 Earth Magic
 - Level 3.6 Poison Magic
 - Level 6.5 Evocations


You had 7 spell levels left.
You knew the following spells:

 Your Spells              Type           Power      Damage    Failure   Level
a - Lehudib's Crystal Sp  Conj/Erth      39%        10d10     41%         8
b - Spellforged Servitor  Conj/Summ      39%        N/A       6%          7
c - Ignite Poison         Fire/Tmut/Pois 60%        N/A       1%          3
d - Iron Shot             Conj/Erth      39%        9d8       1%          6
e - Malign Gateway        Summ/Tloc      37%        N/A       11%         7
h - Irradiate             Conj/Tmut      36%        3d25      1%          5

Your spell library contained the following spells:

 Spells                   Type           Power      Damage    Failure   Level
 Apportation              Tloc           100%       N/A       0%          1
 Magic Dart               Conj           100%       1d8       0%          1
 Sandblast                Erth           100%       2d20      0%          1
 Summon Small Mammal      Summ           100%       N/A       0%          1
 Searing Ray              Conj           100%       2d8       0%          2
 Foxfire                  Conj/Fire      100%       2x1d9     1%          1
 Blink                    Tloc           100%       N/A       1%          2
 Passwall                 Tmut/Erth      56%        N/A       1%          2
 Call Canine Familiar     Summ           74%        N/A       1%          3
 Conjure Flame            Conj/Fire      62%        6-21      1%          3
 Dazzling Flash           Conj/Hex       100%       N/A       1%          3
 Gell's Gravitas          Tloc           75%        N/A       1%          3
 Lesser Beckoning         Tloc           75%        N/A       1%          3
 Mephitic Cloud           Conj/Pois/Air  66%        N/A       1%          3
 Portal Projectile        Hex/Tloc       100%       N/A       1%          3
 Stone Arrow              Conj/Erth      100%       3d13      1%          3
 Summon Guardian Golem    Hex/Summ       51%        N/A       1%          3
 Teleport Other           Tloc           75%        N/A       1%          3
 Animate Armour           Summ/Erth      100%       N/A       1%          4
 Flame Wave               Conj/Fire      62%        2d12      1%          4
 Fulminant Prism          Conj/Hex       28%        3d14      1%          4
 Passage of Golubria      Tloc           75%        N/A       1%          4
 Petrify                  Tmut/Erth      68%        N/A       1%          4
 Manifold Assault         Tloc           75%        N/A       1%          5
 Dispersal                Tloc           37%        N/A       1%          6
 Summon Cactus Giant      Summ           37%        N/A       1%          6
 Scorch                   Fire           60%        2d8       2%          2
 Leda's Liquefaction      Hex/Erth       25%        N/A       2%          4
 Summon Ice Beast         Ice/Summ       51%        N/A       2%          4
 Summon Lightning Spire   Summ/Air       51%        N/A       2%          4
 Blade Hands              Tmut           30%        N/A       2%          5
 Orb of Destruction       Conj           41%        9d11      3%          7
 Lightning Bolt           Conj/Air       28%        1d45      4%          5
 Statue Form              Tmut/Erth      45%        N/A       4%          6
 Animate Skeleton         Necr           26%        N/A       6%          1
 Freeze                   Ice            52%        1d7       6%          1
 Borgnjor's Vile Clutch   Necr/Erth      25%        N/A       8%          5
 Corpse Rot               Necr/Air       26%        N/A       9%          2
 Ensorcelled Hibernation  Hex/Ice        26%        N/A       9%          2
 Sublimation of Blood     Necr           13%        N/A       9%          2
 Inner Flame              Hex/Fire       21%        N/A       9%          3
 Alistair's Intoxication  Tmut/Pois      44%        N/A       9%          5
 Freezing Cloud           Conj/Ice/Air   22%        6-21      14%         5
 Confusing Touch          Hex            13%        N/A       17%         3
 Swiftness                Air            13%        N/A       17%         3
 Tukima's Dance           Hex            13%        N/A       17%         3
 Yara's Violent Unravell  Hex/Tmut       20%        3d9       19%         5
 Eringya's Noxious Bog    Tmut/Pois      33%        N/A       43%         6
 Dispel Undead            Necr           13%        3d9       50%         4
 Dragon Form              Tmut           30%        N/A       56%         7
 Agony                    Necr           13%        N/A       85%         5
 Metabolic Englaciation   Hex/Ice        6%         N/A       85%         5
 Silence                  Hex/Air        6%         N/A       85%         5
 Storm Form               Tmut/Air       20%        N/A       99%         7
 Death Channel            Necr           6%         N/A       100%        6
 Enfeeble                 Hex            6%         N/A       100%        7
 Disjunction              Tloc           37%        N/A       58%         8
 Summon Horrible Things   Summ           37%        N/A       65%         8
 Maxwell's Capacitive Co  Air            6%         ∞         100%        8
 Shatter                  Erth           37%        3d29*     100%        9


Dungeon Overview and Level Annotations

Branches:
Dungeon (15/15)            Temple (0/1) D:5            Lair (6/6) D:10
 Shoals (4/4) Lair:3       Spider (4/4) Lair:4        Slime (5/5) Lair:6
    Orc (2/2) D:11            Elf (3/3) Orc:2        Vaults (4/5) D:14
  Crypt (0/3) Vaults:2     Depths (4/4) D:15            Zot (5/5) Depths:4
  IceCv (visited)          WizLab (visited)         Gauntlet (visited)

Altars:
Ashenzari
Elyvilon
Gozag
Kikubaaqudgha
Makhleb
Nemelex Xobeh
Okawaru
Ru
Vehumet
Xom
Yredelemnul
Zin
Jiyva

Shops:
D:11 ((**[   Orc:2 ?=!=   Elf:1 !   Vaults:3 ?   Vaults:4 ::   Depths:3 (*[

Portals:
Hell: Depths:1 Depths:2 Depths:3 Depths:4
Abyss: Depths:2 Depths:3
Pandemonium: Depths:2
Ziggurat: Depths:3
Trove: Vaults:2 (give 2 scrolls of acquirement)

Annotations:
D:9 1 runed translucent door
Lair:1 4 transporters, exclusion: ice statue, zazu2006's ghost, journeyman NaWz
Lair:6 exclusion: oklob plant
Slime:5 Royal Jelly
Elf:2 3 runed translucent doors
Zot:5 Boris


Innate Abilities, Weirdness & Mutations

Your demonic aura often causes spilled blood to erupt in flames.
You are powered by pain.
You are resistant to unholy torment.
Your movements are significantly less encumbered by armour. (ER -6)
You punish those that try to bend your will. (Will+)
Your touch may irresistibly damage your foes and sap their willpower.
You have large cloven feet.
You have a pair of small horns on your head.
You possess an exceptional clarity of mind.
Your flesh is very cold resistant. (rC++)
Your body often deteriorates upon taking damage.
You are frail. (-10% HP)
You passively map the area around you.
Your muscles are strong. (Str +2)
Your body has grown eyes which may confuse attackers. (Acc +3)
Your rubbery body absorbs attacks. (AC +1, EV +1)
You have a small jelly attached to you that senses nearby items.


Message History

(D) Dungeon (T) Temple (L) Lair (A) Shoals (N) Spider Nest (M) Slime Pits (O) Orcish Mines (E) Elven Halls (V) Vaults (C) Crypt (U) Depths (H) Hell (Z) Zot
Where to? (Enter - D:1, ? - help) HP restored.
Things that are here:
a +0 halberd; a gnoll skeleton
There is a stone staircase leading up here.
You climb upwards.
There is a stone staircase leading down here.
You swap places.
You swap places.
You hear a distant slurping noise.
You hear a squelching noise.
You hear a distant slurping noise.
You hear a distant slurping noise.
There is a stone staircase leading up here.
You climb upwards.
There is a stone staircase leading down here.
There is a stone staircase leading up here.
You climb upwards.
There is a stone staircase leading down here.
A Wyastry, a red devil, a sixfirhy and a large abomination come into view.
The red devil moves out of view.
Wyastry gestures at you. The bolt of lightning misses you.
There is a stone staircase leading up here.
The sixfirhy is engulfed in blazing flames.
You climb upwards.
There is a stone staircase leading down here.
(D) Dungeon (T) Temple (L) Lair (A) Shoals (N) Spider Nest (M) Slime Pits (O) Orcish Mines (E) Elven Halls (V) Vaults (C) Crypt (U) Depths (H) Hell (Z) Zot
Where to? (Enter - D:1, ? - help)
Okay, then.
A daeva comes into view.
It is wielding a +2 eudemon blade of holy wrath.
The daeva moves out of view.
There is a staircase leading out of the dungeon here.
You have escaped!

###..##########.##########.#.###
####..#..#.............#..#......
..##..#.#...............#.#.#.###
#.##..##.......#.#.......##.#.#
#.##..#......#.#.#.#......#.#.###
#.....#.....##.#.#.##.....#......
####.##.......⌠#.#⌠......)#.#....
####.##..#######.#######..#.#....
#...............@..........(#....
#.....#..#######.#######).#.##...
#.....#.......⌠#.#⌠.......#.##...
#.....#.....##.#.#.##.....#.##...
#.....#......#.#.#.#......#.##...
#.....##.......#.#.......#####...
#.....#.#.....(.........#.#######
#.....#..#.............#..#......
#.....##########.##########.#####


There were no monsters in sight!

Vanquished Creatures
  An ancient lich (Zot:5)
  An orb of fire (Zot:5)
  A juggernaut (Depths:3)
  Josephina (Zot:1)
  Sojobo (Depths:1)
  A Killer Klown (Zot:5)
  Boris (Vaults:4)
  A Head Instructor (WizLab)
  5 golden dragons
  A Tzitzimitl (D:11)
  2 electric golems (Zot:4)
  4 liches
  6 tentacled monstrosities
  4 Orb Guardians (Zot:5)
  2 walking frostbound tomes
  2 deep elf master archers (Elf:3)
  5 quicksilver dragons
  An Executioner (Depths:1)
  4 sphinxes
  3 death cobs
  Polyphemus (Shoals:4)
  3 tengu reavers
  4 storm dragons
  6 shadow dragons
  Donald (Shoals:3)
  A draconian monk (Zot:1)
  6 frost giants
  11 vault wardens
  A nagaraja (Vaults:3)
  6 deep elf sorcerers
  2 draconian knights
  6 fire giants
  7 ghost moths
  Aizul (Shoals:3)
  Louise (Depths:2)
  A cacodemon (D:9)
  2 draconian shifters
  A ghoul (Vaults:2)
  2 iron dragons (Depths:3)
  8 emperor scorpions
  5 deep elf elementalists (Elf:3)
  A draconian stormcaller (Zot:2)
  A war gargoyle (Vaults:1)
  A spriggan defender (Depths:2)
  12 stone giants
  12 ironbound preservers
  3 broodmothers
  4 green draconians
  8 ironbound thunderhulks
  3 vampire knights
  22 very ugly things
  3 deep elf demonologists (Elf:3)
  A draconian annihilator (Zot:4)
  2 entropy weavers
  3 yellow draconians
  4 red draconians
  Azrael (Spider:3)
  2 minotaurs (Shoals:4)
  3 black draconians
  14 dire elephants
  4 purple draconians
  4 white draconians
  2 spark wasps
  4 deep elf annihilators (Elf:3)
  A blizzard demon (Depths:2)
  13 ettins
  An eidolon (Vaults:2)
  8 deep elf death magi
  6 merfolk impalers
  9 fire dragons
  A crystal guardian (Vaults:2)
  Fannar (D:11)
  2 jiangshi (Depths:3)
  8 deep elf high priests
  7 hydras
  13 yaktaur captains
  6 ice dragons
  A rakshasa (Depths:1)
  12 vault guards
  5 boulder beetles
  4 catoblepae
  6 spriggan air magi
  A peacekeeper (Vaults:2)
  A glowing orange brain (Depths:3)
  4 jorogumos
  4 alligator snapping turtles
  A hell beast (Depths:2)
  6 ironbound frosthearts
  5 merfolk avatars
  11 satyrs (Shoals:4)
  A death knight (Vaults:2)
  4 ogre magi
  20 dancing weapons
  11 centaur warriors
  A merfolk aquamancer (Shoals:4)
  A death scarab (Lair:4)
  6 tengu warriors
  5 deep troll shamans
  11 two-headed ogres
  A deep troll earth mage (Depths:1)
  23 death yaks
  Urug (Lair:4)
  3 spriggan berserkers
  An orc high priest (Orc:1)
  A titan zombie (D:15)
  A soul eater (Depths:2)
  3 vampire magi
  19 hell knights
  5 iron trolls
  15 deep elf knights
  Nergalle (D:11)
  6 pharaoh ants
  A sun moth (Spider:4)
  A sixfirhy (D:6)
  2 shadow wraiths
  3 skeletal warriors
  3 salamander mystics (WizLab)
  34 deep trolls
  5 sea snakes
  8 orb spiders
  6 steelbarb worms
  12 ironbound convokers
  6 lindwurms (Vaults:1)
  4 bog bodies (Shoals:2)
  18 deep elf zephyrmancers
  4 wizards
  22 harpies
  2 phantasmal warriors
  11 deep elf archers
  3 orc knights
  Pikel (D:4)
  2 orc sorcerers
  25 ugly things
  9 necromancers
  A frost giant zombie (D:15)
  29 deep elf pyromancers
  A shadow dragon skeleton (D:15)
  4 mana vipers (WizLab)
  15 manticores
  21 wolf spiders
  6 fauns
  4 elephants (Lair:6)
  A salamander (Depths:1)
  6 cyclopes
  Joseph (D:7)
  An apocalypse crab (Gauntlet)
  15 moths of wrath
  5 merfolk sirens
  7 black mambas
  2 ice statues (IceCv)
  8 water nymphs
  A naga mage (WizLab)
  8 vault sentinels
  A gargoyle (D:12)
  4 centaur skeletons (D:14)
  A rust devil (Zot:4)
  3 torpor snails
  An orange demon (D:9)
  16 cane toads
  An unseen horror (D:11)
  A rime drake (shapeshifter) (Elf:3)
  28 yaktaurs
  6 tengu conjurers
  A ghost moth simulacrum (Zot:1)
  8 rime drakes
  A freezing wraith (D:13)
  8 komodo dragons
  A red devil (Zot:1)
  A yaktaur (shapeshifter) (D:14)
  3 demonic crawlers
  6 trolls
  15 merfolk
  3 meliai (D:15)
  2 polar bears
  5 wind drakes
  2 hornets (Depths:2)
  14 dream sheep
  16 tarantellas
  A shadow dragon simulacrum (Zot:1)
  A wind drake (shapeshifter) (D:13)
  19 blink frogs
  8 snapping turtles
  A centaur simulacrum (D:15)
  A shadow (D:11)
  2 wraiths (D:13)
  2 air elementals
  35 jumping spiders
  4 spriggans
  17 culicivoras
  5 water elementals
  44 yaks
  A human (D:13)
  Eustachio (D:6)
  13 wyverns
  Grum (D:8)
  13 basilisks
  5 nameless horrors
  7 fire elementals
  52 redbacks
  A redback (shapeshifter) (D:13)
  3 steam dragons
  14 vampire mosquitoes (D:12)
  A warg (Orc:1)
  Edmund (D:6)
  11 water moccasins
  2 hell hounds
  2 swamp worms (Gauntlet)
  A moth of wrath simulacrum (Zot:1)
  4 sky beasts
  26 orc warriors
  11 black bears
  3 boggarts
  23 wolves
  12 ogres
  A black bear (shapeshifter) (Elf:1)
  17 centaurs
  4 lemures (D:4)
  A phantom (D:6)
  A glowing shapeshifter simulacrum (Vaults:2)
  15 bullfrogs
  A gnoll sergeant (D:12)
  A human skeleton (Vaults:2)
  3 necrophages
  2 earth elementals
  A scorpion (D:5)
  4 wights
  2 killer bees (D:9)
  2 lindwurm simulacra (IceCv)
  9 electric eels
  2 howler monkeys
  8 komodo dragon simulacra (IceCv)
  A lava snake (Lair:2)
  A human simulacrum (Vaults:2)
  10 orc priests
  A gnoll shaman (D:9)
  A hound (D:5)
  12 jellies
  Crazy Yiuf (D:6)
  Terence (D:3)
  2 iguanas
  9 orc wizards
  4 hell rats (Lair:5)
  A wolf simulacrum (Lair:3)
  6 acid dragon simulacra (IceCv)
  11 gnolls
  3 adders
  2 white imps (D:6)
  5 steam dragon simulacra (IceCv)
  2 worms
  3 dart slugs
  44 orcs
  4 bats
  7 endoplasms
  2 giant cockroaches
  8 goblins
  7 hobgoblins
  2 quokkas
  7 ball pythons
  5 frilled lizards
  5 kobolds
  9 rats
  A tentacle (Shoals:3)
1579 creatures vanquished.

Vanquished Creatures (collateral kills)
  Tiamat (Zot:5)
  5 orbs of fire
  A juggernaut (Zot:5)
  A pandemonium lord (Zot:1)
  Frederick (Vaults:4)
  A Killer Klown (Zot:5)
  A curse toe (Zot:4)
  2 golden dragons
  A bone dragon (Depths:4)
  6 tentacled monstrosities
  6 electric golems
  2 liches
  14 Orb Guardians (Zot:5)
  2 quicksilver dragons
  2 death cobs (Zot:4)
  A sphinx (Depths:3)
  3 shadow dragons
  2 tengu reavers
  3 storm dragons
  A draconian knight (Zot:4)
  2 frost giants
  3 fire giants
  A balrug (Depths:4)
  2 ghost moths
  2 draconian scorchers (Zot:4)
  4 draconian annihilators
  A draconian shifter (Zot:4)
  A spriggan defender (Depths:4)
  4 very ugly things
  2 stone giants (Depths:3)
  A demonspawn blood saint (Depths:4)
  2 draconian stormcallers
  5 green draconians
  4 red draconians
  A purple draconian (Zot:4)
  6 white draconians
  4 yellow draconians
  3 black draconians
  5 ettins
  2 fire dragons (Depths:4)
  A jiangshi (Depths:3)
  A vault guard (Vaults:4)
  2 hydras
  3 ice dragons
  2 two-headed ogres (Depths:3)
  A death knight (D:13)
  2 deep troll shamans
  A deep troll earth mage (Depths:3)
  A death yak (Depths:3)
  A spriggan berserker (Depths:4)
  2 hell hogs
  6 hell knights
  4 iron trolls
  A sea snake (Shoals:4)
  5 deep trolls
  A bog body (Shoals:2)
  A mana viper (WizLab)
  A wizard (Depths:2)
  A harpy (Shoals:4)
  A tengu skeleton (D:15)
  5 ugly things
  4 moths of wrath
  A water nymph (Shoals:4)
  A komodo dragon (Lair:4)
  A hellwing (Zot:1)
  A yaktaur (Vaults:4)
  A hornet (Depths:2)
  A spriggan (Depths:2)
  A redback (Spider:1)
  2 death yak simulacra (Lair:3)
  A water moccasin (Lair:6)
  An ogre (Depths:3)
  A bullfrog (Lair:4)
170 creatures vanquished.

Vanquished Creatures (others)
  Nikola (Spider:2)
  The ghost of Deemu the Covert, an adept HuVM of Kikubaaqudgha (Elf:1)
  A tentacled monstrosity (Vaults:3)
  30 eldritch tentacles
  A sphinx (Vaults:3)
  A tengu reaver (WizLab)
  A fire giant (Depths:2)
  A very ugly thing (Depths:1)
  2 ironbound preservers
  A yaktaur captain (Vaults:2)
  4 great orbs of eyes
  An ironbound frostheart (Vaults:2)
  A vampire mage (Depths:1)
  A death yak (Lair:6)
  A glowing orange brain (Vaults:3)
  2 deep elf knights (Elf:3)
  2 deep trolls (Vaults:3)
  A quicksilver dragon simulacrum (Zot:1)
  An orb spider (shapeshifter) (Vaults:3)
  An ironbound convoker (Vaults:3)
  2 wizards
  A cyclops (D:13)
  An ugly thing (Depths:3)
  A moth of wrath (Zot:4)
  A vault sentinel (Vaults:4)
  A yaktaur (shapeshifter) (Vaults:3)
  6 yaktaurs
  50 slime creatures
  A wind drake (shapeshifter) (Depths:3)
  A water elemental (Elf:3)
  2 floating eyes
  A black bear (Lair:2)
  An orc warrior (Orc:2)
  A wolf (Lair:3)
  3 centaurs
  A bullfrog (Lair:2)
  2 killer bees (D:9)
  An electric eel (Lair:3)
  325 jellies
  2 orc wizards
  An adder (D:5)
  A white imp (D:7)
  An ufetubus (D:5)
  2 dart slugs
  9 orcs
  An endoplasm (D:4)
  A bat (Shoals:3)
  A kobold (D:3)
  A rat (D:2)
  A fire vortex (Lair:2)
  102 fungi
  231 plants
  3 tentacles (Shoals:3)
  12 withered plants (D:15)
826 creatures vanquished.

Grand Total: 2575 creatures vanquished

Notes
Turn   | Place    | Note
-------+----------+-------------------------------------------
     0 | D:1      | freelancePsychic the Demonspawn Warper began the quest for
                  | the Orb.
     0 | D:1      | Reached XP level 1. HP: 16/16 MP: 3/3
   399 | D:1      | Reached skill level 1 in Throwing
   546 | D:1      | Gained mutation: You sometimes gain a little power by
                  | taking damage. [demonic ancestry]
   546 | D:1      | Reached XP level 2. HP: 22/22 MP: 5/5
  1533 | D:2      | Reached XP level 3. HP: 25/28 MP: 6/6
  2296 | D:2      | Reached skill level 1 in Short Blades
  2349 | D:2      | Found a faded altar of an unknown god.
  2356 | D:2      | Prayed at the altar of an unknown god.
  2356 | D:2      | Became a worshipper of Jiyva Jirostra the Shapeless
  2356 | D:2      | Reached * piety under Jiyva
  2816 | D:3      | Noticed Terence
  2827 | D:3      | Killed Terence
  2828 | D:3      | Reached XP level 4. HP: 33/35 MP: 7/7
  3102 | D:3      | Gained mutation: You sometimes gain power by taking damage.
                  | [demonic ancestry]
  3102 | D:3      | Reached XP level 5. HP: 38/41 MP: 8/8
  3135 | D:3      | Reached ** piety under Jiyva
  3569 | D:4      | You fall into a shaft and drop 3 floors!
  3601 | D:7      | Noticed Joseph
  3814 | D:6      | Noticed Edmund
  3838 | D:5      | Entered Level 5 of the Dungeon
  3856 | D:5      | Reached *** piety under Jiyva
  3940 | D:5      | Noticed an ogre
  3956 | D:5      | Killed an ogre
  3957 | D:5      | Gained mutation: Your touch may inflict minor irresistible
                  | damage on your foes. [demonic ancestry]
  3957 | D:5      | Reached XP level 6. HP: 17/48 MP: 7/9
  4209 | D:5      | Found a staircase to the Ecumenical Temple.
  4255 | D:5      | Gained mutation: Your mind is acute. (Int +2) [Jiyva's
                  | grace]
  4255 | D:5      | Gained mutation: Your mind is very acute. (Int +4) [Jiyva's
                  | grace]
  4255 | D:5      | Gained mutation: You have sharp toenails. [Jiyva's grace]
  4255 | D:5      | Gained mutation: You have razor-sharp toenails. [Jiyva's
                  | grace]
  4555 | D:5      | Found a sacrificial altar of Ru.
  4791 | D:5      | Gained mutation: Your touch may inflict irresistible damage
                  | on your foes. [demonic ancestry]
  4791 | D:5      | Reached XP level 7. HP: 40/55 MP: 10/10
  4911 | D:4      | Noticed Pikel
  4928 | D:4      | Killed Pikel
  4929 | D:4      | Reached skill level 5 in Fighting
  4982 | D:4      | Found an ancient bone altar of Kikubaaqudgha.
  4982 | D:4      | Found a radiant altar of Vehumet.
  5049 | D:4      | Found a broken altar of Ashenzari.
  5049 | D:4      | Found a basalt altar of Yredelemnul.
  5215 | D:6      | Gained mutation: Your touch may irresistibly damage your
                  | foes and sap their willpower. [demonic ancestry]
  5215 | D:6      | Reached XP level 8. HP: 60/63 MP: 11/11
  5266 | D:6      | Noticed Eustachio
  5289 | D:6      | Killed Eustachio
  5310 | D:6      | Killed Edmund
  5852 | D:6      | Found a runed translucent door.
  5853 | D:6      | Noticed Crazy Yiuf
  5862 | D:6      | Killed Crazy Yiuf
  5865 | D:6      | Identified the +5 mace of the Desert {flame, Dex+2}
  5998 | D:7      | Identified the +0 robe of Vuqeps {rN+ Int+3 Dex-4 Slay+3}
  6028 | D:7      | Gained mutation: Your movements are slightly less
                  | encumbered by armour. (ER -2) [demonic ancestry]
  6028 | D:7      | Reached XP level 9. HP: 70/71 MP: 12/12
  6085 | D:7      | Reached **** piety under Jiyva
  6321 | D:7      | Killed Joseph
  6617 | D:8      | Noticed a two-headed ogre
  6643 | D:8      | Killed a two-headed ogre
  6780 | D:8      | Noticed Grum
  6793 | D:8      | Reached skill level 10 in Short Blades
  6811 | D:8      | Killed Grum
  7002 | D:8      | Noticed a two-headed ogre
  7040 | D:8      | Killed a two-headed ogre
  7041 | D:8      | Gained mutation: Your movements are less encumbered by
                  | armour. (ER -4) [demonic ancestry]
  7041 | D:8      | Reached XP level 10. HP: 71/83 MP: 13/13
  7402 | D:8      | Lost mutation: You have razor-sharp toenails. [Jiyva's
                  | grace]
  7402 | D:8      | Gained mutation: You are covered in fur. (AC +1) [Jiyva's
                  | grace]
  7402 | D:8      | Gained mutation: You are covered in thick fur. (AC +2)
                  | [Jiyva's grace]
  7402 | D:8      | Gained mutation: Your thick and shaggy fur keeps you warm.
                  | (AC +3, rC+) [Jiyva's grace]
  7402 | D:8      | Gained mutation: You have a small jelly attached to you
                  | that senses nearby items. [Jiyva's grace]
  7484 | D:9      | Identified the +4 ring mail of Baoho {rF+}
  7652 | D:9      | Found a runed translucent door.
  7730 | D:9      | Found a burning altar of Makhleb.
  7730 | D:9      | Noticed a sixfirhy
  7836 | D:9      | Reached skill level 5 in Dodging
  7866 | D:9      | Reached skill level 10 in Fighting
  8002 | D:9      | Found a sparkling altar of Nemelex Xobeh.
  8124 | D:10     | Entered Level 10 of the Dungeon
  8161 | D:10     | Identified the +1 ring mail "Gufa" {MP+9 Stlth+}
  8212 | D:10     | Noticed a two-headed ogre
  8316 | D:10     | Killed a two-headed ogre
  8418 | D:10     | Reached ***** piety under Jiyva
  8474 | D:10     | Found a staircase to the Lair.
  8506 | D:10     | Reached skill level 1 in Armour
  8529 | D:10     | Found a shimmering altar of Xom.
  8529 | D:10     | Noticed an angel
  8768 | D:10     | Found an iron altar of Okawaru.
  8847 | Lair:1   | Entered Level 1 of the Lair of Beasts
  8856 | Lair:1   | Noticed a cane toad
  8864 | Lair:1   | Killed a cane toad
  8865 | Lair:1   | Reached XP level 11. HP: 92/92 MP: 14/14
  8886 | Lair:1   | Reached skill level 1 in Evocations
  8978 | Lair:1   | Found a transporter.
  8985 | Lair:1   | Noticed a seven-headed hydra
  8993 | Lair:1   | Noticed zazu2006's ghost (journeyman NaWz)
  9156 | Lair:1   | Noticed a four-headed hydra
  9208 | Lair:1   | Lost mutation: Your mind is very acute. (Int +4) [Jiyva's
                  | grace]
  9208 | Lair:1   | Lost mutation: Your thick and shaggy fur keeps you warm.
                  | (AC +3, rC+) [Jiyva's grace]
  9208 | Lair:1   | Lost mutation: You have a small jelly attached to you that
                  | senses nearby items. [Jiyva's grace]
  9208 | Lair:1   | Gained mutation: Your melee attacks may engulf your foes in
                  | ooze. [Jiyva's grace]
  9208 | Lair:1   | Gained mutation: You are somewhat resistant to further
                  | mutation. [Jiyva's grace]
  9208 | Lair:1   | Gained mutation: You are somewhat resistant to both further
                  | mutation and mutation removal. [Jiyva's grace]
  9208 | Lair:1   | Gained mutation: You are almost entirely resistant to
                  | further mutation and mutation removal. [Jiyva's grace]
  9209 | Lair:1   | Found a transporter.
  9461 | Lair:1   | Found a transporter.
  9461 | Lair:1   | Noticed a boulder beetle
  9519 | Lair:1   | Found a transporter.
  9519 | Lair:1   | Noticed a boulder beetle
  9918 | Lair:2   | Reached skill level 5 in Evocations
  9983 | Lair:2   | Reached skill level 5 in Armour
 10144 | Lair:2   | Noticed a seven-headed hydra
 10156 | Lair:2   | Killed a seven-headed hydra
 10260 | Lair:2   | Gained mutation: Your demonic aura sometimes causes spilled
                  | blood to erupt in flames. [demonic ancestry]
 10260 | Lair:2   | Reached XP level 12. HP: 103/103 MP: 15/15
 10345 | Lair:2   | Reached ****** piety under Jiyva
 10861 | Lair:3   | Found a frozen archway.
 10928 | IceCv    | Entered an ice cave
 11258 | IceCv    | Noticed an ice dragon
 11448 | IceCv    | Slimified an ice dragon
 11448 | IceCv    | Noticed an azure jelly
 11448 | IceCv    | an ice dragon changed into an azure jelly
 11691 | Lair:3   | Noticed a boulder beetle
 11705 | Lair:3   | Killed a boulder beetle
 12158 | Lair:3   | Gained mutation: You have a small jelly attached to you
                  | that senses nearby items. [Jiyva's grace]
 12158 | Lair:3   | Gained mutation: Armour fits poorly on your pseudopods.
                  | [Jiyva's grace]
 12158 | Lair:3   | Gained mutation: Armour fits poorly on your large
                  | pseudopods. [Jiyva's grace]
 12158 | Lair:3   | Gained mutation: Armour fits poorly on your massive
                  | pseudopods. [Jiyva's grace]
 12332 | Lair:3   | Found a staircase to the Shoals.
 12539 | Lair:4   | Found a hole to the Spider Nest.
 12616 | Lair:4   | Noticed Urug
 12633 | Lair:4   | Killed Urug
 12648 | Lair:4   | Gained mutation: Your demonic aura often causes spilled
                  | blood to erupt in flames. [demonic ancestry]
 12648 | Lair:4   | Reached XP level 13. HP: 113/113 MP: 16/16
 13247 | Lair:5   | Found a gate leading to a gauntlet.
 13254 | Gauntlet | Entered a Gauntlet
 13254 | Gauntlet | Found a transporter.
 13254 | Gauntlet | Found a runed translucent door.
 13255 | Gauntlet | Found a runed translucent door.
 13259 | Gauntlet | Found a transporter.
 13263 | Gauntlet | Found a transporter.
 13274 | Gauntlet | Found a transporter.
 13275 | Gauntlet | Found a transporter.
 13283 | Gauntlet | Found a transporter.
 13287 | Gauntlet | Found a transporter.
 13295 | Gauntlet | Found a transporter.
 13299 | Gauntlet | Found a transporter.
 13302 | Gauntlet | Noticed a reaper
 13310 | Gauntlet | Found a transporter.
 13330 | Gauntlet | Found a transporter.
 13342 | Gauntlet | Found a transporter.
 13353 | Gauntlet | Noticed a minotaur
 13354 | Gauntlet | Found a transporter.
 13366 | Gauntlet | Found a transporter.
 13436 | Gauntlet | Identified the ring of Viud {rElec rPois Str+3 Slay-2
                  | Stlth+}
 13465 | Gauntlet | Identified the +2 hat "Suhuiniwn" {rC+ rN+ Dex+4}
 13470 | Gauntlet | Slimified a minotaur
 13470 | Gauntlet | Noticed an azure jelly
 13470 | Gauntlet | a minotaur changed into an azure jelly
 13694 | Lair:5   | Lost mutation: You are almost entirely resistant to further
                  | mutation and mutation removal. [Jiyva's grace]
 13694 | Lair:5   | Lost mutation: You are somewhat resistant to both further
                  | mutation and mutation removal. [Jiyva's grace]
 13694 | Lair:5   | Lost mutation: Armour fits poorly on your massive
                  | pseudopods. [Jiyva's grace]
 13694 | Lair:5   | Lost mutation: You have a small jelly attached to you that
                  | senses nearby items. [Jiyva's grace]
 13694 | Lair:5   | Gained mutation: You expend magic power (3 MP) to
                  | strengthen your wands. [Jiyva's grace]
 13694 | Lair:5   | Gained mutation: You are covered in slimy tendrils that may
                  | disarm your opponents. [Jiyva's grace]
 13694 | Lair:5   | Gained mutation: Your muscles are strong. (Str +2) [Jiyva's
                  | grace]
 13694 | Lair:5   | Gained mutation: Your muscles are very strong. (Str +4)
                  | [Jiyva's grace]
 14861 | Lair:6   | Entered Level 6 of the Lair of Beasts
 14883 | Lair:6   | Found a staircase to the Slime Pits.
 14892 | Slime:1  | Entered Level 1 of the Pits of Slime
 14895 | Slime:2  | Noticed an acid blob
 14913 | Slime:4  | Noticed an acid blob
 14914 | Slime:4  | Noticed a rockslime
 14920 | Slime:5  | Entered Level 5 of the Pits of Slime
 14920 | Slime:5  | Noticed a quicksilver ooze
 14923 | Slime:5  | Noticed a quicksilver ooze
 14924 | Slime:5  | Noticed a rockslime
 14930 | Slime:5  | Noticed a rockslime
 14932 | Slime:5  | Noticed an acid blob
 14940 | Slime:5  | Noticed a quicksilver ooze
 14959 | Slime:5  | Found a viscous altar of Jiyva.
 14959 | Slime:5  | Noticed an acid blob
 14960 | Slime:5  | Noticed an acid blob
 14960 | Slime:5  | Noticed an acid blob
 14960 | Slime:5  | Noticed a quicksilver ooze
 14960 | Slime:5  | Noticed the Royal Jelly
 14961 | Slime:5  | Noticed an acid blob
 14965 | Slime:5  | Got Bycki's Compendium of Conjuration
 14967 | Slime:5  | Identified the +8 morningstar "Beastbane" {vamp, rC+ Str+4
                  | Int-5}
 14968 | Slime:5  | Noticed a rockslime
 14970 | Slime:5  | Noticed an acid blob
 14974 | Slime:5  | Identified the +0 helmet of the Cobbler {Rampage rElec rC-
                  | Stlth+}
 14975 | Slime:5  | Identified the +4 dagger "Usicsab" {pain, rElec rPois rN+
                  | Stlth-}
 14976 | Slime:5  | Identified the +4 battleaxe of Evolution {spect, rElec
                  | Dex+3}
 14985 | Slime:5  | Identified the +6 long sword of Starshine {freeze, Str+3
                  | SInv}
 14987 | Slime:5  | Got a slimy rune of Zot
 14990 | Slime:5  | Noticed an azure jelly
 14996 | Slime:5  | Identified the +4 rapier "Huexila" {flame, rC+ rN+}
 15019 | Slime:5  | Identified the +4 hand crossbow "Alafazuy" {venom, rElec
                  | rC+ Dex+3}
 15025 | Slime:5  | Noticed a rockslime
 15055 | Slime:3  | Noticed an acid blob
 15087 | Lair:6   | Reached skill level 15 in Fighting
 15325 | Lair:6   | Reached skill level 10 in Armour
 15560 | Lair:6   | Reached skill level 10 in Dodging
 15560 | Lair:6   | Gained mutation: You punish those that try to bend your
                  | will. (Will+) [demonic ancestry]
 15560 | Lair:6   | Reached XP level 14. HP: 90/123 MP: 17/17
 15646 | Lair:6   | Found the +9 staff of Olgreb {rPois∞}
 15719 | Lair:6   | Reached skill level 1 in Staves
 16475 | D:11     | Found Epnonlog's Antique Weapon Shoppe.
 16571 | D:11     | Lost mutation: You are somewhat resistant to further
                  | mutation. [Jiyva's grace]
 16571 | D:11     | Gained mutation: You have a small jelly attached to you
                  | that senses nearby items. [Jiyva's grace]
 16571 | D:11     | Gained mutation: Your rubbery body absorbs attacks. (AC +1,
                  | EV +1) [Jiyva's grace]
 16571 | D:11     | Gained mutation: Your pliable body absorbs attacks. (AC +2,
                  | EV +2) [Jiyva's grace]
 16571 | D:11     | Gained mutation: Your gelatinous body deflects attacks. (AC
                  | +3, EV +3) [Jiyva's grace]
 16584 | D:11     | Found Raoku's Antique Armour Shop.
 16625 | D:11     | Learned a level 3 spell: Ignite Poison
 16685 | D:11     | Noticed Fannar
 16696 | D:11     | Killed Fannar
 16697 | D:11     | Reached skill level 1 in Fire Magic
 16697 | D:11     | Reached skill level 1 in Poison Magic
 16698 | D:11     | Reached skill level 1 in Transmutations
 16764 | D:11     | Noticed Nergalle
 16768 | D:11     | Killed Nergalle
 16779 | D:11     | Found Wesoevug's General Store.
 16975 | D:11     | Found a staircase to the Orcish Mines.
 17030 | D:11     | Found Onwopsid's Weapon Shoppe.
 17069 | D:11     | Found Syirear's General Store.
 17560 | D:12     | Identified the +0 ring mail "Zelou" {rN+ Str+7}
 17779 | Orc:1    | Entered Level 1 of the Orcish Mines
 18033 | Orc:2    | Entered Level 2 of the Orcish Mines
 18375 | Orc:2    | Lost mutation: You are covered in thick fur. (AC +2)
                  | [Jiyva's grace]
 18375 | Orc:2    | Lost mutation: Your muscles are very strong. (Str +4)
                  | [Jiyva's grace]
 18375 | Orc:2    | Lost mutation: Your gelatinous body deflects attacks. (AC
                  | +3, EV +3) [Jiyva's grace]
 18375 | Orc:2    | Lost mutation: Armour fits poorly on your large pseudopods.
                  | [Jiyva's grace]
 18375 | Orc:2    | Lost mutation: Armour fits poorly on your pseudopods.
                  | [Jiyva's grace]
 18375 | Orc:2    | Gained mutation: Your mind is very acute. (Int +4) [Jiyva's
                  | grace]
 18375 | Orc:2    | Gained mutation: Your natural rate of healing is unusually
                  | fast. [Jiyva's grace]
 18375 | Orc:2    | Gained mutation: You heal very quickly. [Jiyva's grace]
 18375 | Orc:2    | Gained mutation: You regenerate. [Jiyva's grace]
 18394 | Orc:2    | Found a staircase to the Elven Halls.
 18502 | Orc:2    | Reached skill level 5 in Staves
 18516 | Orc:2    | Found Quiqura's Distillery.
 18516 | Orc:2    | Found Kuopoqos's Jewellery Boutique.
 18525 | Orc:2    | Found Bosydghua's Magic Scroll Shop.
 18531 | Orc:2    | Found Adwa's Jewellery Shoppe.
 18544 | Orc:2    | Bought a scroll of teleportation for 48 gold pieces
 18544 | Orc:2    | Bought a scroll of magic mapping for 56 gold pieces
 19026 | D:13     | Reached XP level 15. HP: 130/130 MP: 20/20
 19035 | D:13     | Found a flickering gateway to a bazaar.
 19049 | Bazaar   | Entered a bazaar
 19049 | Bazaar   | Found Henil's Book Emporium.
 19049 | Bazaar   | Found Plog's Antique Armour Emporium.
 19067 | Bazaar   | Found Xiskonul's Magic Scroll Boutique.
 19086 | Bazaar   | Found Saiciary's General Store.
 19097 | Bazaar   | Found Usumn's Antique Weapon Boutique.
 19121 | Bazaar   | Bought a book of Sloth for 324 gold pieces
 19121 | Bazaar   | Bought a book of Transfigurations for 360 gold pieces
 19212 | D:13     | Noticed a sphinx
 19218 | D:13     | Paralysed by a sphinx for 3 turns
 19221 | D:13     | Killed a sphinx
 19535 | D:13     | Found a runed translucent door.
 19774 | D:13     | Found a runed translucent door.
 19798 | D:13     | Found a runed translucent door.
 19840 | D:13     | Reached skill level 5 in Transmutations
 19844 | D:13     | Identified the amulet "Ucvuexy" {Faith Harm rN+ Regen+
                  | Str-4}
 19923 | D:14     | Gained mutation: Your spells are a little harder to cast,
                  | but a little more powerful. [Jiyva's grace]
 19923 | D:14     | Gained mutation: Your spells are harder to cast, but more
                  | powerful. [Jiyva's grace]
 19923 | D:14     | Gained mutation: Your spells are much harder to cast, but
                  | much more powerful. [Jiyva's grace]
 19923 | D:14     | Gained mutation: You have a pair of small antennae on your
                  | head. [Jiyva's grace]
 19962 | D:14     | Reached skill level 5 in Spellcasting
 20059 | D:14     | Found a gate to the Vaults.
 20618 | D:15     | Entered Level 15 of the Dungeon
 20937 | D:15     | Found a staircase to the Depths.
 21564 | Spider:1 | Entered Level 1 of the Spider Nest
 21639 | Spider:1 | Reached XP level 16. HP: 137/137 MP: 21/27
 21683 | Spider:1 | Reached skill level 10 in Transmutations
 21736 | Spider:1 | Learned a level 5 spell: Irradiate
 21812 | Spider:1 | Reached skill level 1 in Conjurations
 21891 | Spider:1 | Lost mutation: You have a pair of small antennae on your
                  | head. [Jiyva's grace]
 21891 | Spider:1 | Gained mutation: You are partially covered in large bone
                  | plates. (SH +4) [Jiyva's grace]
 21891 | Spider:1 | Gained mutation: You are mostly covered in large bone
                  | plates. (SH +6) [Jiyva's grace]
 21891 | Spider:1 | Gained mutation: You are completely covered in large bone
                  | plates. (SH +8) [Jiyva's grace]
 21891 | Spider:1 | Gained mutation: You are robust. (+10% HP) [Jiyva's grace]
 22263 | Spider:1 | Upgraded the game from 0.29-a0-397-g846e4a0bbc to
                  | 0.29-a0-398-ge13fd1374b
 22453 | D:11     | Bought a slimy ring mail for 207 gold pieces
 22453 | D:11     | Identified the +2 ring mail "Toikionu" {rPois Dex+7} (You
                  | bought it in a shop on level 11 of the Dungeon)
 22909 | Spider:2 | Noticed Nikola
 22924 | Spider:2 | Killed Nikola
 23375 | Spider:3 | Identified the +2 robe of Obydoj {rPois rN+ Dex+2}
 23528 | Spider:3 | Noticed Azrael
 23563 | Spider:3 | Killed Azrael
 23835 | Spider:4 | Entered Level 4 of the Spider Nest
 23886 | Spider:4 | Reached skill level 5 in Conjurations
 24287 | Spider:4 | Identified the +4 scale mail of Uskayaw's Favour {-Cast Fly
                  | rN++ SInv Stlth+}
 24311 | Spider:4 | Reached XP level 17. HP: 157/157 MP: 27/30
 24340 | Spider:4 | Reached skill level 10 in Spellcasting
 24443 | Spider:4 | Got a gossamer rune of Zot
 24894 | Shoals:1 | Entered Level 1 of the Shoals
 24894 | Shoals:1 | Lost mutation: Your muscles are strong. (Str +2) [Jiyva's
                  | grace]
 24894 | Shoals:1 | Lost mutation: Your spells are much harder to cast, but
                  | much more powerful. [Jiyva's grace]
 24894 | Shoals:1 | Lost mutation: You are covered in slimy tendrils that may
                  | disarm your opponents. [Jiyva's grace]
 24894 | Shoals:1 | Lost mutation: You expend magic power (3 MP) to strengthen
                  | your wands. [Jiyva's grace]
 24894 | Shoals:1 | Gained mutation: You are strong-willed. (Will+) [Jiyva's
                  | grace]
 24894 | Shoals:1 | Gained mutation: You are highly strong-willed. (Will++)
                  | [Jiyva's grace]
 24894 | Shoals:1 | Gained mutation: You are extremely strong-willed. (Will+++)
                  | [Jiyva's grace]
 24894 | Shoals:1 | Gained mutation: Armour fits poorly on your pseudopods.
                  | [Jiyva's grace]
 24924 | Shoals:1 | Identified a scroll of acquirement
 24924 | Shoals:1 | Acquired the +4 helmet of Hide-and-Seek {rElec rF+}
 24930 | Shoals:1 | Reached skill level 1 in Earth Magic
 25514 | Shoals:2 | Identified the +3 rapier of the Shrike {flame, MP+9 SInv}
 25715 | Shoals:2 | Identified the +0 cloak of the Skies Above {Dex+5}
 25855 | Shoals:2 | Identified the ring of Sunlight {rF+ rCorr Int+4 Stlth+}
 26524 | Orc:2    | Bought a ring of protection from cold for 400 gold pieces
 26871 | Shoals:3 | Noticed a kraken
 26923 | Shoals:3 | Noticed Donald
 26931 | Shoals:3 | Killed Donald
 27004 | Shoals:3 | Lost mutation: You have sharp toenails. [Jiyva's grace]
 27004 | Shoals:3 | Lost mutation: You are completely covered in large bone
                  | plates. (SH +8) [Jiyva's grace]
 27004 | Shoals:3 | Lost mutation: Your mind is very acute. (Int +4) [Jiyva's
                  | grace]
 27004 | Shoals:3 | Lost mutation: You are extremely strong-willed. (Will+++)
                  | [Jiyva's grace]
 27004 | Shoals:3 | Lost mutation: You regenerate. [Jiyva's grace]
 27004 | Shoals:3 | Lost mutation: You heal very quickly. [Jiyva's grace]
 27004 | Shoals:3 | Lost mutation: Your pliable body absorbs attacks. (AC +2,
                  | EV +2) [Jiyva's grace]
 27004 | Shoals:3 | Gained mutation: You passively map a small area around you.
                  | [Jiyva's grace]
 27004 | Shoals:3 | Gained mutation: You passively map the area around you.
                  | [Jiyva's grace]
 27004 | Shoals:3 | Gained mutation: You passively map a large area around you.
                  | [Jiyva's grace]
 27004 | Shoals:3 | Gained mutation: Your body has grown eyes which may confuse
                  | attackers. (Acc +3) [Jiyva's grace]
 27110 | Shoals:3 | Identified the +4 plate armour "Bywil" {rC- rN+++ Slay+6
                  | Stlth-}
 27131 | Shoals:3 | Noticed Aizul
 27150 | Shoals:3 | Killed Aizul
 27506 | Shoals:4 | Entered Level 4 of the Shoals
 27524 | Shoals:4 | Noticed Polyphemus
 27526 | Shoals:4 | Reached skill level 5 in Earth Magic
 27537 | Shoals:4 | Killed Polyphemus
 27573 | Shoals:4 | Reached skill level 10 in Staves
 27653 | Shoals:4 | Reached XP level 18. HP: 166/166 MP: 27/32
 27881 | Shoals:4 | Got the Catalogue of Ashen Cold
 27938 | Shoals:4 | Got a barnacled rune of Zot
 27940 | Shoals:4 | Identified the +6 halberd of Indignation {protect, Stlth+}
 27954 | Shoals:4 | Reached skill level 10 in Conjurations
 28438 | Elf:1    | Entered Level 1 of the Elven Halls
 28454 | Elf:1    | Killed Deemu's ghost
 28631 | Elf:1    | Found Buseb's Distillery.
 28672 | Elf:1    | Bought a potion of resistance for 150 gold pieces
 28928 | Elf:1    | Found a runed translucent gate.
 28928 | Elf:1    | Found a runed translucent gate.
 28928 | Elf:1    | Found a runed translucent gate.
 29013 | Elf:1    | Found a viscous altar of Jiyva.
 29039 | Elf:1    | Lost mutation: You are mostly covered in large bone plates.
                  | (SH +6) [Jiyva's grace]
 29039 | Elf:1    | Lost mutation: You are partially covered in large bone
                  | plates. (SH +4) [Jiyva's grace]
 29039 | Elf:1    | Lost mutation: You passively map a large area around you.
                  | [Jiyva's grace]
 29039 | Elf:1    | Lost mutation: Your rubbery body absorbs attacks. (AC +1,
                  | EV +1) [Jiyva's grace]
 29039 | Elf:1    | Lost mutation: Your melee attacks may engulf your foes in
                  | ooze. [Jiyva's grace]
 29039 | Elf:1    | Gained mutation: You are covered in slimy tendrils that may
                  | disarm your opponents. [Jiyva's grace]
 29039 | Elf:1    | Gained mutation: Your flesh is cold resistant. (rC+)
                  | [Jiyva's grace]
 29039 | Elf:1    | Gained mutation: Your flesh is very cold resistant. (rC++)
                  | [Jiyva's grace]
 29039 | Elf:1    | Gained mutation: Your flesh is almost immune to the effects
                  | of cold. (rC+++) [Jiyva's grace]
 29088 | Elf:1    | Found a runed translucent gate.
 29088 | Elf:1    | Found a runed translucent gate.
 29091 | Elf:1    | Found a runed translucent gate.
 29580 | Elf:2    | Found a runed translucent gate.
 29581 | Elf:2    | Found a runed translucent gate.
 29581 | Elf:2    | Found a runed translucent gate.
 29764 | Elf:3    | Entered Level 3 of the Elven Halls
 30081 | Elf:3    | Paralysed by an air elemental for 1 turns
 30360 | Elf:3    | Gained mutation: Your movements are significantly less
                  | encumbered by armour. (ER -6) [demonic ancestry]
 30360 | Elf:3    | Reached XP level 19. HP: 170/172 MP: 27/33
 30628 | Elf:3    | Identified the +12 scimitar "Hoihoer" {protect, rC+}
 30635 | Elf:3    | Identified the +2 chain mail "Faliet" {Will- Str+4 Stlth+}
 30638 | Elf:3    | Found the +5 demon whip "Spellbinder" {antimagic, Will+}
 30647 | Elf:3    | Got the Collected Works on the Traveller and the Frostbite
 30664 | Elf:3    | Got The Last Volume of the Blind Seer
 30767 | Elf:3    | Reached skill level 10 in Earth Magic
 30968 | Elf:3    | Learned a level 8 spell: Lehudib's Crystal Spear
 30976 | Elf:3    | Learned a level 7 spell: Spellforged Servitor
 30983 | Elf:3    | Learned a level 6 spell: Iron Shot
 31179 | Vaults:1 | Entered Level 1 of the Vaults
 32007 | Vaults:1 | Lost mutation: Your flesh is almost immune to the effects
                  | of cold. (rC+++) [Jiyva's grace]
 32007 | Vaults:1 | Lost mutation: Your flesh is very cold resistant. (rC++)
                  | [Jiyva's grace]
 32007 | Vaults:1 | Lost mutation: You are highly strong-willed. (Will++)
                  | [Jiyva's grace]
 32007 | Vaults:1 | Lost mutation: You are strong-willed. (Will+) [Jiyva's
                  | grace]
 32007 | Vaults:1 | Lost mutation: Your spells are harder to cast, but more
                  | powerful. [Jiyva's grace]
 32007 | Vaults:1 | Lost mutation: Your body has grown eyes which may confuse
                  | attackers. (Acc +3) [Jiyva's grace]
 32007 | Vaults:1 | Gained mutation: You have a somewhat thin skeletal
                  | structure. (Dex +2, Stealth+) [Jiyva's grace]
 32007 | Vaults:1 | Gained mutation: You have a moderately thin skeletal
                  | structure. (Dex +4, Stealth++) [Jiyva's grace]
 32007 | Vaults:1 | Gained mutation: You have an unnaturally thin skeletal
                  | structure. (Dex +6, Stealth+++) [Jiyva's grace]
 32007 | Vaults:1 | Gained mutation: You are agile. (Dex +2) [Jiyva's grace]
 32328 | Vaults:2 | Found a portal to a secret trove of treasure.
 32515 | Vaults:2 | You fall into a shaft and drop 1 floor!
 32953 | Vaults:3 | Found Doil's Magic Scroll Shoppe.
 33157 | Vaults:3 | Reached XP level 20. HP: 166/180 MP: 34/34
 33258 | Vaults:3 | Reached skill level 15 in Conjurations
 33593 | Vaults:3 | Lost mutation: You have an unnaturally thin skeletal
                  | structure. (Dex +6, Stealth+++) [Jiyva's grace]
 33593 | Vaults:3 | Lost mutation: You passively map the area around you.
                  | [Jiyva's grace]
 33593 | Vaults:3 | Lost mutation: You are covered in slimy tendrils that may
                  | disarm your opponents. [Jiyva's grace]
 33593 | Vaults:3 | Gained mutation: You expend magic power (3 MP) to
                  | strengthen your wands. [Jiyva's grace]
 33593 | Vaults:3 | Gained mutation: You are very agile. (Dex +4) [Jiyva's
                  | grace]
 33593 | Vaults:3 | Gained mutation: You are covered in slimy tendrils that may
                  | disarm your opponents. [Jiyva's grace]
 33593 | Vaults:3 | Gained mutation: You have a pair of small horns on your
                  | head. [Jiyva's grace]
 33956 | Vaults:2 | Reached skill level 1 in Summonings
 33994 | Vaults:2 | HP: 7/180 [ironbound frostheart/creeping frost[a vault
                  | warden] (27)]
 34503 | Vaults:2 | Found a staircase to the Crypt.
 34674 | Vaults:4 | Noticed Frederick
 34684 | Vaults:4 | Killed Frederick
 34692 | Vaults:4 | Found Hikysud's Book Shoppe.
 34695 | Vaults:4 | Bought a Grand Grimoire for 714 gold pieces
 34929 | Vaults:4 | Reached skill level 5 in Summonings
 34955 | Vaults:4 | Found Elaelax's Book Shoppe.
 34970 | Vaults:4 | Noticed Boris
 35035 | Vaults:4 | Lost mutation: You have a pair of small horns on your head.
                  | [Jiyva's grace]
 35035 | Vaults:4 | Lost mutation: You passively map a small area around you.
                  | [Jiyva's grace]
 35035 | Vaults:4 | Lost mutation: Your spells are a little harder to cast, but
                  | a little more powerful. [Jiyva's grace]
 35035 | Vaults:4 | Lost mutation: You have a small jelly attached to you that
                  | senses nearby items. [Jiyva's grace]
 35035 | Vaults:4 | Gained mutation: Your body has grown eyes which may confuse
                  | attackers. (Acc +3) [Jiyva's grace]
 35035 | Vaults:4 | Gained mutation: Your body has grown many eyes which may
                  | confuse attackers. (Acc +5) [Jiyva's grace]
 35035 | Vaults:4 | Gained mutation: Your body is covered in eyes which may
                  | confuse attackers. (Acc +7, SInv) [Jiyva's grace]
 35035 | Vaults:4 | Gained mutation: Your flesh is very cold resistant. (rC++)
                  | [Jiyva's grace]
 35041 | Vaults:4 | Found a magical portal.
 35046 | WizLab   | Entered Yara's Duelist Academy
 35182 | WizLab   | Noticed Bouvatiama
 35190 | WizLab   | Killed Bouvatiama the Head Instructor
 35288 | WizLab   | Got Yara's Collected Works on Malediction
 35789 | Vaults:4 | Killed Boris
 35790 | Vaults:4 | Reached XP level 21. HP: 130/187 MP: 14/35
 36756 | Depths:1 | Entered Level 1 of the Depths
 36868 | Depths:1 | You fall into a shaft and drop 1 floor!
 36972 | Depths:2 | Found a gateway to Hell.
 37547 | Depths:2 | Noticed Louise
 37550 | Depths:2 | Killed Louise
 37599 | Depths:2 | Found a one-way gate to the infinite horrors of the Abyss.
 37963 | Depths:2 | Found a one-way gate leading to the halls of Pandemonium.
 38057 | Depths:1 | Lost mutation: You are very agile. (Dex +4) [Jiyva's grace]
 38057 | Depths:1 | Lost mutation: Your flesh is very cold resistant. (rC++)
                  | [Jiyva's grace]
 38057 | Depths:1 | Lost mutation: You are robust. (+10% HP) [Jiyva's grace]
 38057 | Depths:1 | Lost mutation: You are covered in fur. (AC +1) [Jiyva's
                  | grace]
 38057 | Depths:1 | Lost mutation: Your body is covered in eyes which may
                  | confuse attackers. (Acc +7, SInv) [Jiyva's grace]
 38057 | Depths:1 | Lost mutation: Your body has grown many eyes which may
                  | confuse attackers. (Acc +5) [Jiyva's grace]
 38057 | Depths:1 | Lost mutation: You are covered in slimy tendrils that may
                  | disarm your opponents. [Jiyva's grace]
 38057 | Depths:1 | Gained mutation: You have a small jelly attached to you
                  | that senses nearby items. [Jiyva's grace]
 38057 | Depths:1 | Gained mutation: Your mind is very acute. (Int +4) [Jiyva's
                  | grace]
 38057 | Depths:1 | Gained mutation: You possess an exceptional clarity of
                  | mind. [Jiyva's grace]
 38057 | Depths:1 | Gained mutation: You have a pair of small horns on your
                  | head. [Jiyva's grace]
 38412 | Depths:1 | Noticed Sojobo
 38433 | Depths:1 | Killed Sojobo
 38559 | Depths:1 | Identified the +1 pair of boots of Roczerghi {Harm *Slow
                  | Str+10 Int+3}
 38674 | Depths:1 | Found an opulent altar of Gozag.
 38770 | Depths:1 | Reached skill level 10 in Summonings
 39172 | Depths:1 | Found a sparkling altar of Nemelex Xobeh.
 39407 | Depths:3 | Found Joigew's Antique Armour Shop.
 39407 | Depths:3 | Found Kiybaiday's General Store.
 39411 | Depths:3 | Found Puegg's Weapon Shop.
 39456 | Depths:3 | Gained mutation: You are resistant to unholy torment.
                  | [demonic ancestry]
 39456 | Depths:3 | Reached XP level 22. HP: 135/179 MP: 22/36
 39773 | Depths:3 | Lost mutation: You have a pair of small horns on your head.
                  | [Jiyva's grace]
 39773 | Depths:3 | Lost mutation: You have a moderately thin skeletal
                  | structure. (Dex +4, Stealth++) [Jiyva's grace]
 39773 | Depths:3 | Lost mutation: Your natural rate of healing is unusually
                  | fast. [Jiyva's grace]
 39773 | Depths:3 | Lost mutation: You expend magic power (3 MP) to strengthen
                  | your wands. [Jiyva's grace]
 39773 | Depths:3 | Gained mutation: Your rubbery body absorbs attacks. (AC +1,
                  | EV +1) [Jiyva's grace]
 39773 | Depths:3 | Gained mutation: Your pliable body absorbs attacks. (AC +2,
                  | EV +2) [Jiyva's grace]
 39773 | Depths:3 | Gained mutation: Your gelatinous body deflects attacks. (AC
                  | +3, EV +3) [Jiyva's grace]
 39773 | Depths:3 | Gained mutation: You have acidic saliva. [Jiyva's grace]
 39866 | Depths:3 | Identified the +1 helmet of the Abyss {Rampage rPois Int+6
                  | Dex-3}
 39925 | Depths:3 | Reached skill level 1 in Shields
 40661 | Depths:3 | Found a one-way gateway to a ziggurat.
 40940 | Depths:3 | Noticed a juggernaut
 40945 | Depths:3 | Killed a juggernaut
 41003 | Depths:3 | Found the +8 demon trident "Rift" {distort, reach+}
 41012 | Depths:3 | Identified the +1 flail of Sologoliuj {freeze, Int+3}
 41399 | Depths:4 | Entered Level 4 of the Depths
 41836 | Depths:4 | Noticed a golden dragon
 41846 | Depths:4 | Killed a golden dragon
 41937 | Depths:4 | Found a gate to the Realm of Zot.
 42228 | Depths:4 | Reached skill level 5 in Shields
 42321 | Depths:4 | Noticed a golden dragon
 42330 | Depths:4 | Killed a golden dragon
 42588 | Zot:1    | Entered Level 1 of the Realm of Zot
 42588 | Zot:1    | Noticed a golden dragon
 42593 | Zot:1    | Killed a golden dragon
 42783 | Zot:1    | Lost mutation: Your body has grown eyes which may confuse
                  | attackers. (Acc +3) [Jiyva's grace]
 42783 | Zot:1    | Gained mutation: Your melee attacks may engulf your foes in
                  | ooze. [Jiyva's grace]
 42783 | Zot:1    | Gained mutation: You passively map a small area around you.
                  | [Jiyva's grace]
 42783 | Zot:1    | Gained mutation: You passively map the area around you.
                  | [Jiyva's grace]
 42783 | Zot:1    | Gained mutation: You passively map a large area around you.
                  | [Jiyva's grace]
 42787 | Zot:1    | Identified the ring of Gennilun {Ice Int+4 Dex+4}
 42787 | Zot:1    | Noticed Josephina
 42815 | Zot:1    | Killed Josephina
 42816 | Zot:1    | Gained mutation: You are powered by pain. [demonic
                  | ancestry]
 42816 | Zot:1    | Reached XP level 23. HP: 173/188 MP: 15/37
 42959 | Zot:1    | Learned a level 7 spell: Malign Gateway
 43212 | Zot:1    | Reached skill level 5 in Translocations
 43597 | Zot:1    | Noticed an orb of fire
 43601 | Zot:1    | Lost mutation: You have a somewhat thin skeletal structure.
                  | (Dex +2, Stealth+) [an orb of fire]
 43602 | Zot:1    | Killed an orb of fire
 43729 | Zot:2    | Identified the +9 spear of Ylidusch {vorpal, rF++ Str+4}
 44893 | Zot:3    | Identified the +0 pair of boots of Baldness {Will+ SInv}
 44896 | Zot:3    | Lost mutation: You are agile. (Dex +2) [Jiyva's grace]
 44896 | Zot:3    | Lost mutation: Your mind is very acute. (Int +4) [Jiyva's
                  | grace]
 44896 | Zot:3    | Lost mutation: You passively map a large area around you.
                  | [Jiyva's grace]
 44896 | Zot:3    | Lost mutation: You have acidic saliva. [Jiyva's grace]
 44896 | Zot:3    | Lost mutation: Your gelatinous body deflects attacks. (AC
                  | +3, EV +3) [Jiyva's grace]
 44896 | Zot:3    | Lost mutation: Your melee attacks may engulf your foes in
                  | ooze. [Jiyva's grace]
 44896 | Zot:3    | Gained mutation: Your flesh is very cold resistant. (rC++)
                  | [Jiyva's grace]
 44896 | Zot:3    | Gained mutation: Your flesh is almost immune to the effects
                  | of cold. (rC+++) [Jiyva's grace]
 44896 | Zot:3    | Gained mutation: Your body has grown eyes which may confuse
                  | attackers. (Acc +3) [Jiyva's grace]
 44896 | Zot:3    | Gained mutation: Your body has grown many eyes which may
                  | confuse attackers. (Acc +5) [Jiyva's grace]
 45340 | Zot:4    | Noticed a curse toe
 45373 | Zot:4    | Killed a curse toe
 45618 | Zot:4    | Reached skill level 10 in Translocations
 46426 | Zot:5    | Entered Level 5 of the Realm of Zot
 46630 | Zot:5    | Found the +4 dragonskin cloak
 46630 | Zot:5    | Noticed Tiamat
 46808 | Zot:5    | Killed Tiamat
 46899 | Zot:5    | Noticed an orb of fire
 46902 | Zot:5    | Gained mutation: Your body sometimes deteriorates upon
                  | taking damage. [an orb of fire]
 46912 | Zot:5    | Gained mutation: You sometimes lose the ability to read
                  | scrolls when taking damage. [an orb of fire]
 46913 | Zot:5    | Killed an orb of fire
 46914 | Zot:5    | Reached XP level 24. HP: 195/195 MP: 7/37
 46976 | Zot:5    | Lost mutation: Your mind is acute. (Int +2) [potion of
                  | mutation]
 46976 | Zot:5    | Lost mutation: Your pliable body absorbs attacks. (AC +2,
                  | EV +2) [potion of mutation]
 46976 | Zot:5    | Lost mutation: Your body has grown many eyes which may
                  | confuse attackers. (Acc +5) [potion of mutation]
 46976 | Zot:5    | Gained mutation: You have a pair of small horns on your
                  | head. [potion of mutation]
 46977 | Zot:5    | Lost mutation: Your flesh is almost immune to the effects
                  | of cold. (rC+++) [potion of mutation]
 46977 | Zot:5    | Lost mutation: You sometimes lose the ability to read
                  | scrolls when taking damage. [potion of mutation]
 46977 | Zot:5    | Lost mutation: Armour fits poorly on your pseudopods.
                  | [potion of mutation]
 46977 | Zot:5    | Gained mutation: Your muscles are strong. (Str +2) [potion
                  | of mutation]
 46977 | Zot:5    | Gained mutation: You have large cloven feet. [potion of
                  | mutation]
 47092 | Zot:5    | Noticed an ancient lich
 47094 | Zot:5    | Noticed an orb of fire
 47096 | Zot:5    | Noticed a Killer Klown
 47100 | Zot:5    | Killed an ancient lich
 47101 | Zot:5    | Noticed an orb of fire
 47105 | Zot:5    | Gained mutation: Your body often deteriorates upon taking
                  | damage. [an orb of fire]
 47105 | Zot:5    | Killed an orb of fire
 47109 | Zot:5    | Noticed a juggernaut
 47109 | Zot:5    | a Killer Klown changed into a juggernaut
 47112 | Zot:5    | Killed an orb of fire
 47113 | Zot:5    | Killed a juggernaut
 47163 | Zot:5    | Noticed a Killer Klown
 47169 | Zot:5    | Noticed a Killer Klown
 47171 | Zot:5    | Noticed an orb of fire
 47172 | Zot:5    | Killed a Killer Klown
 47175 | Zot:5    | Noticed an orb of fire
 47177 | Zot:5    | Gained mutation: You are frail. (-10% HP) [an orb of fire]
 47180 | Zot:5    | Killed an orb of fire
 47191 | Zot:5    | Killed an orb of fire
 47192 | Zot:5    | Killed a Killer Klown
 47384 | Zot:5    | Got the Orb of Zot
 47389 | Zot:5    | Noticed Boris
 47508 | Zot:1    | Noticed Hileudeck the pandemonium lord
 47516 | Zot:1    | Killed Hileudeck the pandemonium lord
 47538 | Zot:1    | Noticed a seraph
 47566 | Depths:4 | Reached skill level 15 in Translocations
 47941 | D:2      | Noticed Wyastry the pandemonium lord
 47992 | D:$      | Escaped with the Orb!

Illustrated notes

Levels and vault maps discovered:
D:1:      matt_arrival_grand_opening, layout_basic
D:2:      layout_rooms, hellmonk_ecumenical_altar_blasted
D:3:      cheibrodos_helix_gallery, layout_basic,
          nicolae_concentric_dashed_squares_wild, kennysheep_cross_bottleneck,
          uniq_terence
D:4:      layout_rooms, minitemple, chequers_temple_overflow_statue_of_worship,
          uniq_pikel
D:5:      layout_loops_corners, mainiacjoe_overflow_brackets,
          minmay_temple_entry_offerings, minmay_diced_spiral
D:6:      layout_loops_ring, uniq_crazy_yiuf_cottage, uniq_eustachio,
          uniq_edmund
D:7:      layout_rooms, hangedman_decor_riveting, uniq_joseph
D:8:      layout_cave_pods, uniq_grum
D:9:      layout_rooms, nzn_makhleb_speed_demon, nemelex_diamond_rough_becter
D:10:     layout_basic, grunt_temple_overflow_order_and_chaos_1,
          mainiacjoe_overflow_big_doors, lair_entry_dummy
D:11:     layout_cave_pools, hiddenorc1_lemuel, serial_shops,
          nicolae_shop_hallway_plus, nicolae_shop_waterfront,
          nicolae_shop_stone, nicolae_stop_n_shop_1, shop, bh_walls_and_bars,
          uniq_fannar, uniq_nergalle
D:12:     layout_basic
D:13:     minmay_glassy_protrusions, layout_loops_cross, serial_shops,
          bzr_entry_customers, minmay_strange_pillars, mikee_hates_you
D:14:     layout_irregular_city, hangedman_vaults_entry_quadrant_bands,
          serial_park_gazebo [serial_park_minivault_5x5_6]
D:15:     gammafunk_depths_entry_grave, layout_basic, minmay_misc_feat_x,
          chequers_serial_rivers_room_a, grunt_ministairs_15
Lair:1:   gammafunk_boulding_lane, layout_long_grid, nzn_ghost_randoct
Lair:2:   layout_gridlike, beast_lair_carwin_8
Lair:3:   layout_gridlike, minmay_shoals_entry_hut,
          portal_ice_cave_entry_ice_simulacra, nicolae_quartered_pool_medium,
          forest_entry_grove, grunt_megastairs_2, infiniplex_staircase_pool_2
Lair:4:   layout_misc_corridors, dummy_spider_entry, uniq_urug
Lair:5:   layout_layer_cave, special_room [special_room_mythical_zoo],
          gauntlet_entry_generic
Lair:6:   grunt_lair_end_beastmaster, layout_regular_city,
          minmay_slime_entry_pillars, eino_small_chamber_without_monster,
          minmay_lair_oklob_bushes, minivault_27, chequers_serial_rivers_room_b,
          serial_bayou_crossing
Shoals:1: layout_shoals
Shoals:2: layout_shoals, nicolae_shoals_secluded_bog
Shoals:3: layout_shoals, serial_shops, shop,
          nicolae_shoals_siren_and_animal_friends, uniq_donald, uniq_aizul
Shoals:4: shoals_end_hellmonk_lost_city, uniq_polyphemus
Spider:1: nicolae_spider_jumping_over_cracks [nicolae_spider_jumping_sub_plain,
          nicolae_spider_jumping_sub_notch, nicolae_spider_jumping_sub_no_exit,
          nicolae_spider_jumping_sub_moat], hangedman_spider_tarantella_strand
Spider:2: layout_spider_delve, nicolae_spider_webbed_stairs, uniq_nikola
Spider:3: layout_spider_delve, uniq_azrael
Spider:4: grunt_spider_rune_circles
Slime:1:  layout_caves
Slime:2:  layout_caves
Slime:3:  layout_caves
Slime:4:  nicolae_slime_pool, layout_caves, nicolae_slime_phagocytosis
Slime:5
Orc:1:    layout_caves
Orc:2:    st_orc_rangers, layout_diamond_mine
Elf:1:    layout_geoelf_grid, gammafunk_ghost_ooze, serial_shops,
          nicolae_diamond_shop, hangedman_elf_disciples, minivault_19,
          nicolae_gammafunk_elf_defective_weapons_storage
Elf:2:    nicolae_elf_blades_crystal_corner, layout_loops_ring
Elf:3:    minmay_elf_hall_spiked, layout_geoelf_diagonals
Vaults:1: st_eye, nicolae_vaults_network_periphery, hangedman_vaults_snaps,
          vaults_room_pools, ontoclasm_vaults_hangar, layout_vaults_omnigrid
Vaults:2: vaults_room_ringed_pool, vaults_room_pools,
          minmay_crypt_entry_simple_round, v_misc_23, nicolae_vaults_what_the_h,
          v_misc_12, v_misc_25, v_misc_30, v_rooms_3, hangedman_vaults_capsules,
          ontoclasm_vaults_idyll, nicolae_vaults_ring_of_whatevers,
          nicolae_vaults_little_squares_3, nicolae_vaults_little_squares_1,
          layout_vaults_ring, enter_trove_2
Vaults:3: nicolae_vaults_angled_halls, v_misc_3, hangedman_vaults_variations,
          nicolae_vaults_yaktaur_gun_rack, nicolae_vaults_stairing_the_circle,
          grunt_vaults_trifunnel, vaults_mumra_minichess_inversion,
          st_greater_box_2, vaults_dpeg_diagonal, v_misc_23,
          vaults_room_semicircle, grunt_vaults_hallway_short, vaults_dpeg_ring,
          layout_vaults_maze, serial_shops, nicolae_shop_behind_doors
Vaults:4: mu_enter_wizlab_2, nicolae_vaults_little_squares_6,
          ontoclasm_vaults_chip, v_rooms_4, nicolae_vaults_hallways_thing,
          hangedman_vaults_nodes, vaults_dpeg_hooks, ontoclasm_vaults_ligature,
          ontoclasm_vaults_shuriken, ontoclasm_vaults_twist,
          layout_vaults_big_room, serial_shops, nicolae_shop_behind_doors, shop,
          uniq_frederick, uniq_boris
Depths:1: minmay_connected_boxes_in_corner, layout_cave_shapes,
          corexii_corridor_pit, hell_entry, kennysheep_flooded_box, drop_trap,
          minmay_crystal_water, nicolae_gozag_seed_capital, grunt_megastairs_3,
          serial_bayou_shore_b, uniq_sojobo
Depths:2: wad_cavern_with_rooms, layout_basic,
          nicolae_abyss_entry_one_way_or_another, rand_demon_pan_entry_9,
          minmay_fountain_box, grunt_mini_vestibule,
          infiniplex_staircase_zigzag_3
Depths:3: giant_chief_lemuel, layout_honeycomb, enter_ziggurat_d,
          serial_sigils_hangedman_gnaw, hell_entry, abyss_entry,
          minmay_shop_star
Depths:4: evilmike_zot_entry_basic, layout_gridville, grunt_decor_arrowhead,
          hell_entry, dispersion_dpeg
Zot:1:    layout_gridlike, uniq_josephina
Zot:2:    layout_gridlike
Zot:3:    layout_onion_interference
Zot:4:    layout_misc_corridors, lemuel_golem_globe, grunt_megastairs_4
Zot:5:    layout_basic, uniq_tiamat

Skill      XL: |  1  2  3  4  5  6  7  8  9 10 11 12 13 14 15 16 17 18 19 20 21 22 23 24 |
---------------+-------------------------------------------------------------------------+-----
Polearms       | 2 |  2.3
Throwing       | 1 |  1.8
Short Blades   | 1 2 3 4 6 8 10 | 10.0
Fighting       | 3 4 5 7 9 10 12 14 15 16 17 18 | 18.4
Dodging        | 3 6 8 10 | 10.2
Armour         | 1 5 8 10 | 10.5
Evocations     | 5 6 |  6.5
Staves         | 5 7 10 11 | 11.8
Fire Magic     | 3 |  3.2
Poison Magic   | 3 |  3.6
Transmutations | 3 9 10 | 10.4
Spellcasting   | 3 7 9 10 | 10.3
Conjurations   | 6 9 11 14 16 17 18 | 18.0
Earth Magic    | 5 8 12 13 14 | 14.6
Summonings     | 6 10 14 | 14.7
Shields        | 5 |  5.0
Translocations | 4 13 15 | 15.1

Action                   |  1- 3 |  4- 6 |  7- 9 | 10-12 | 13-15 | 16-18 | 19-21 | 22-24 || total
-------------------------+-------+-------+-------+-------+-------+-------+-------+-------++-------
Melee: Spear             |   100 |       |       |       |       |       |       |       ||   100
       Dagger            |    84 |    91 |   205 |   974 |   499 |       |       |       ||  1853
       Punch             |     1 |     1 |     3 |    16 |    26 |    22 |    23 |       ||    92
       Kick              |       |     4 |    34 |       |       |       |       |       ||    38
       Touch             |       |     3 |    48 |   265 |   295 |   289 |   264 |     1 ||  1165
       Pseudopods        |       |       |       |    30 |   237 |   201 |   369 |   223 ||  1060
       Staff             |       |       |       |       |   593 |  1216 |   903 |   593 ||  3305
       Headbutt          |       |       |       |       |       |       |    98 |    33 ||   131
       Bite              |       |       |       |       |       |       |       |    93 ||    93
Throw: Boomerang         |    14 |     1 |     6 |    72 |    12 |       |       |       ||   105
 Cast: Ignite Poison     |       |       |       |       |    22 |    69 |    25 |     1 ||   117
       Irradiate         |       |       |       |       |       |    38 |    68 |    47 ||   153
       Iron Shot         |       |       |       |       |       |       |   147 |   221 ||   368
       Spellforged Servi |       |       |       |       |       |       |    19 |    62 ||    81
       Lehudib's Crystal |       |       |       |       |       |       |       |     3 ||     3
       Malign Gateway    |       |       |       |       |       |       |       |    31 ||    31
Invok: Oozemancy         |       |     1 |     3 |       |     3 |       |     3 |     1 ||    11
       Slimify           |       |       |       |     1 |     1 |       |       |       ||     2
 Abil: Evoke the Staff o |       |       |       |       |    58 |   114 |    56 |     8 ||   236
Evoke: Wand              |       |       |       |    15 |     6 |     2 |     4 |     1 ||    28
       Phantom mirror    |       |       |       |     1 |     3 |       |       |       ||     4
       Box of beasts     |       |       |       |       |     1 |     2 |     3 |       ||     6
       Phial of floods   |       |       |       |       |       |       |     1 |       ||     1
  Use: Scroll            |     4 |       |     3 |    10 |    13 |     9 |    12 |     9 ||    60
       Potion            |       |       |       |       |       |     4 |     5 |    11 ||    20
 Stab: Sleeping          |       |     1 |       |     2 |     4 |    11 |    10 |     2 ||    30
       Distracted        |       |       |       |     2 |     2 |       |     7 |     8 ||    19
       Petrifying        |       |       |       |       |     3 |       |       |       ||     3
       Invisible         |       |       |       |       |     1 |    13 |     2 |       ||    16
       Confused          |       |       |       |       |       |       |    19 |     5 ||    24
Armor: Ring mail         |    72 |     9 |       |   136 |   317 |   350 |   217 |   227 ||  1328
       Leather armour    |     3 |     4 |    33 |     3 |       |       |       |       ||    43
Dodge: Dodged            |   117 |    60 |   114 |   517 |  1160 |  1352 |   769 |   542 ||  4631
Block: Other             |       |       |       |   114 |   231 |   789 |   159 |     6 ||  1299
       Reflection        |       |       |       |     1 |    14 |    27 |    10 |    10 ||    62
       Buckler           |       |       |       |       |       |       |       |   408 ||   408

Table legend: (Time is in decaauts)
 A = Elapsed time spent in this place.
 B = Non-inter-level travel time spent in this place.
 C = Inter-level travel time spent in this place.
 D = Time resting spent in this place.
 E = Time spent auto-exploring this place.
 F = Levels seen in this place.
 G = Mean time per level.
                   A        B        C        D        E       F      G
               +--------+--------+--------+--------+--------+-----+--------+
         Total |  46692 |  42890 |   3802 |   1108 |  29839 |  56 |  833.8 |
       Dungeon |  13193 |  11847 |   1346 |    755 |   8433 |  15 |  879.5 |
          Lair |   6466 |   5751 |    715 |     37 |   4096 |   6 | 1077.7 |
        Shoals |   3155 |   2911 |    244 |     42 |   1732 |   4 |  788.8 |
   Spider Nest |   2993 |   2814 |    179 |      0 |   1877 |   4 |  748.2 |
    Slime Pits |    182 |    101 |     81 |      0 |     20 |   5 |   36.4 |
  Orcish Mines |   1430 |   1013 |    417 |     16 |    838 |   2 |  715.0 |
   Elven Halls |   2518 |   2377 |    141 |     17 |   1570 |   3 |  839.3 |
        Vaults |   4774 |   4510 |    264 |      5 |   3360 |   4 | 1193.5 |
        Depths |   5753 |   5540 |    213 |     86 |   4019 |   4 | 1438.2 |
           Zot |   4847 |   4649 |    198 |    132 |   3189 |   5 |  969.4 |
        Bazaar |     83 |     83 |      0 |      0 |     53 |   1 |   83.0 |
      Ice Cave |    558 |    558 |      0 |     18 |    239 |   1 |  558.0 |
        Wizlab |    511 |    511 |      0 |      0 |    326 |   1 |  511.0 |
      Gauntlet |    223 |    223 |      0 |      0 |     84 |   1 |  223.0 |
               +--------+--------+--------+--------+--------+-----+--------+

Top non-repeatable levels by time:
Depths:3: 1995 daAuts
     D:1: 1965 daAuts
  Lair:5: 1379 daAuts
Depths:2: 1362 daAuts
Vaults:4: 1360 daAuts
Depths:1: 1253 daAuts
  Lair:6: 1222 daAuts
   Elf:3: 1218 daAuts
  Lair:2: 1208 daAuts
   Zot:4: 1198 daAuts
Vaults:3: 1177 daAuts
   Zot:1: 1167 daAuts
Depths:4: 1142 daAuts
Vaults:1: 1127 daAuts
Vaults:2: 1109 daAuts
